 Dungeon Sprint DCSS version 0.30-a0-862-g1aabd4f9c5 (webtiles) character file.

Game seed: 10766704167046279987

24674 fozzywoppz the Warrior (level 12, -10/134 HPs)
             Began as a Red Draconian Berserker on Mar 7, 2023.
             Was the Champion of Trog.
             Killed from afar by a tengu reaver (33 damage)
             ... with a bolt of cold
             ... in the Dungeon (Sprint IX: "|||||||||||||||||||||||||||||") on Mar 9, 2023.
             The game lasted 00:13:06 (1973 turns).

fozzywoppz the Warrior (Red Draconian Berserker)    Turns: 1973, Time: 00:13:06

Health: -10/134    AC: 17    Str: 25    XL:     12   Next: 82%
Magic:  1/12       EV: 19    Int:  7    God:    Trog [******]
Gold:   1285       SH:  0    Dex: 14    Spells: 11/11 levels left

rFire   + . .      SeeInvis .    v - +4 morningstar (flame)
rCold   . . .      Faith    .    (no shield)
rNeg    . . .      Spirit   .    (body armour unavailable)
rPois   .          Reflect  .    y - +2 hat {Stlth+}
rElec   .          Rampage  .    s - +0 cloak
rCorr   .          NoTele   +    D - +2 pair of gloves {infuse}
Will    ++...                    r - +0 pair of boots
Stlth   ++++++                   x - amulet of regeneration
HPRegen 2.22/turn                j - +3 ring of dexterity
MPRegen 0.13/turn                k - +2 ring of protection

@: short of breath, strong-willed, regenerating
A: breathe fire, AC +8, unfitting armour, fire resistance 1, cold-blooded
a: Breathe Fire, Renounce Religion, Berserk, Trog's Hand, Brothers in Arms


You were in the Dungeon.
You worshipped Trog.
Trog was exalted by your worship.
You visited 1 branch You collected 1935 gold pieces.
You spent 650 gold pieces at shops.

Inventory:

Hand Weapons
 a - a +0 mace
 l - a +1 broad axe of flaming
 m - a +2 morningstar of protection
 v - a +4 morningstar of flaming (weapon)
Missiles
 q - a throwing net
 u - 2 curare-tipped darts (quivered)
Armour
 r - a +0 pair of boots (worn)
 s - a +0 cloak (worn)
 y - a +2 hat of stealth (worn)
 D - a +2 pair of gloves of infusion (worn)
Jewellery
 j - a +3 ring of dexterity (left hand)
 k - a +2 ring of protection (right hand)
 w - a ring of resist corrosion
 x - an amulet of regeneration (around neck)
 z - a ring of protection from cold
 A - a ring of willpower
 B - a ring of see invisible
 C - a ring of protection from cold
Wands
 i - a wand of light (3)
 t - a wand of flame (10)
Scrolls
 g - 3 scrolls of blinking
 p - 10 scrolls of enchant armour
 E - a scroll of identify
Potions
 b - 7 potions of curing
 c - 2 potions of heal wounds
 d - 5 potions of haste
 e - 4 potions of magic
 f - a potion of berserk rage
 h - a potion of invisibility
 n - 3 potions of mutation


   Skills:
 + Level 20.9 Fighting
 + Level 18.2 Maces & Flails
 + Level 7.5 Throwing
 + Level 14.0 Dodging
 + Level 12.9 Stealth
 - Level 6.0 Evocations


You had 11 spell levels left.
You didn't know any spells.
Your spell library was empty.

Dungeon Overview and Level Annotations

Branches:
Dungeon (1/1)

Altars:
Cheibriados
Dithmenos
Elyvilon
Fedhas
Gozag
Hepliaklqana
Kikubaaqudgha
Makhleb
Nemelex Xobeh
Okawaru
Qazlal
Ru
Sif Muna
Trog
Uskayaw
Vehumet
Wu Jian
Xom
Yredelemnul
Zin
The Shining One
Jiyva
Lugonu

Shops:
D *(:=


Innate Abilities, Weirdness & Mutations

You can breathe blasts of fire.
Your fiery red scales are hard. (AC +8)
You cannot fit into any form of body armour.
Your flesh is heat resistant. (rF+)
You are cold-blooded and may be slowed by cold attacks.


Message History

The brown very ugly thing is engulfed in blazing flames.
You sock the tengu reaver! You burn the tengu reaver.
The tengu reaver is severely wounded.
You feel very sick. The tengu reaver misses you.
The tengu reaver pecks you but does no damage.
The tengu reaver claws you but does no damage.
You miss the tengu reaver.
The tengu reaver is severely wounded.
You feel very sick.
You puncture the tengu reaver! You burn the tengu reaver.
The tengu reaver is almost dead.
You feel very sick.
The tengu reaver hits you with a +1 halberd of venom!!
* * * LOW HITPOINT WARNING * * *
You are more poisoned.
The tengu reaver pecks you but does no damage.
The tengu reaver claws you.
* * * LOW HITPOINT WARNING * * *
As you read the scroll of fear, it crumbles to dust.
You assume a fearsome visage.
The brown very ugly thing looks frightened!
The frost giant easily resists.
The frost giant looks frightened!
The tengu reaver resists with some effort.
You feel very sick.
A deep troll shaman comes into view.
The tengu reaver gestures at you while chanting.
The bolt of fire hits you! You resist.
* * * LOW HITPOINT WARNING * * *
You feel much better.
You feel very sick.
The tengu reaver hits you with a +1 halberd of venom!!
* * * LOW HITPOINT WARNING * * *
You are lethally poisoned!
The tengu reaver pecks you but does no damage.
The tengu reaver claws you but does no damage.
You feel better.
The tengu reaver points at you and mumbles some strange words.
The bolt of cold hits you!!
You die...

.[[....'............')........†).
▓▓▓▓▓▓▓▓▓▓▓▓▓▓▓▓▓▓▓▓▓▓▓▓▓▓▓▓▓▓▓▓▓
..)).............................
▓▓▓▓▓▓▓▓▓▓▓▓▓▓▓▓▓▓▓▓▓▓▓▓▓▓▓▓▓▓▓▓▓
...'.....∩.∩.∩[∩)....[......)))))
▓▓▓▓▓▓▓▓▓▓▓▓▓▓▓▓▓▓▓▓▓▓▓▓▓▓▓▓▓▓▓▓▓
.....................)...........
▓▓▓▓▓▓▓▓▓▓▓▓▓▓▓▓▓▓▓▓▓▓▓▓▓▓▓▓▓▓▓▓▓
.TuC.CQ@†)'..........[[.
▓▓▓▓▓▓▓▓▓▓▓▓▓▓▓▓▓▓▓▓▓▓▓▓


You could see 2 frost giants, a brown very ugly thing (fleeing), a tengu reaver
and a deep troll shaman (wandering).

Vanquished Creatures
  Gastronok (D)
  A stone giant (D)
  An ettin (D)
  A hydra (D)
  A centaur warrior (D)
  2 boulder beetles (D)
  A catoblepas (D)
  6 death yaks (D)
  A tengu warrior (D)
  Sonja (D)
  An iron troll (D)
  5 deep trolls (D)
  A wizard (D)
  A deep elf pyromancer (D)
  An orc knight (D)
  2 manticores (D)
  2 ugly things (D)
  5 cane toads (D)
  2 komodo dragons (D)
  Psyche (D)
  3 trolls (D)
  A polar bear (D)
  A slime creature (D)
  4 yaks (D)
  3 wyverns (D)
  Grum (D)
  2 acid dragons (D)
  5 water moccasins (D)
  8 orc warriors (D)
  An ice beast (D)
  5 wolves (D)
  A centaur (D)
  A gnoll sergeant (D)
  A killer bee (D)
  A hound (D)
  2 orc priests (D)
  3 orc wizards (D)
  A gnoll (D)
  An adder (D)
  3 orcs (D)
  A jackal (D)
  2 quokkas (D)
  2 frilled lizards (D)
  A rat (D)
91 creatures vanquished.

Vanquished Creatures (collateral kills)
  An ettin (D)
  2 orc knights (D)
  2 trolls (D)
  5 orc warriors (D)
  An orc wizard (D)
11 creatures vanquished.

Grand Total: 102 creatures vanquished

Notes
Turn   | Place    | Note
-------+----------+-------------------------------------------
     0 | D        | fozzywoppz the Draconian Berserker began the quest for the
                  | Orb.
     0 | D        | Reached XP level 1. HP: 19/19 MP: 1/1
    15 | D        | Reached ** piety under Trog
    26 | D        | Noticed an ice beast
    26 | D        | Noticed a hound
    30 | D        | Killed a hound
    31 | D        | Reached skill level 5 in Fighting
    31 | D        | Reached XP level 2. HP: 29/29 MP: 2/2
    31 | D        | Reached XP level 3. HP: 36/36 MP: 3/3
    33 | D        | Killed an ice beast
    34 | D        | Reached skill level 7 in Fighting
    34 | D        | Reached skill level 5 in Dodging
    34 | D        | Reached XP level 4. HP: 47/47 MP: 4/4
    34 | D        | Reached *** piety under Trog
    47 | D        | Reached XP level 5. HP: 52/52 MP: 5/5
    84 | D        | Found a snail-covered altar of Cheibriados.
    84 | D        | Found a shadowy altar of Dithmenos.
    84 | D        | Found a white marble altar of Elyvilon.
    84 | D        | Found a blossoming altar of Fedhas.
    84 | D        | Found an opulent altar of Gozag.
    85 | D        | Found a hazy altar of Hepliaklqana.
    86 | D        | Found a viscous altar of Jiyva.
    87 | D        | Found an ancient bone altar of Kikubaaqudgha.
    88 | D        | Found a corrupted altar of Lugonu.
    89 | D        | Found a burning altar of Makhleb.
    90 | D        | Found a sparkling altar of Nemelex Xobeh.
    91 | D        | Found an iron altar of Okawaru.
    92 | D        | Found a stormy altar of Qazlal.
    93 | D        | Found a sacrificial altar of Ru.
    94 | D        | Found a shimmering blue altar of Sif Muna.
    95 | D        | Found a bloodstained altar of Trog.
    96 | D        | Found a hide-covered altar of Uskayaw.
    97 | D        | Found a radiant altar of Vehumet.
    98 | D        | Found an ornate altar of the Wu Jian Council.
    99 | D        | Found a shimmering altar of Xom.
   100 | D        | Found a basalt altar of Yredelemnul.
   101 | D        | Found a glowing silver altar of Zin.
   102 | D        | Found a glowing golden altar of the Shining One.
   152 | D        | Noticed a wyvern
   152 | D        | Noticed an orc warrior
   152 | D        | Noticed a wyvern
   152 | D        | Noticed a centaur
   160 | D        | Reached skill level 8 in Fighting
   163 | D        | Killed a centaur
   164 | D        | Reached skill level 9 in Fighting
   164 | D        | Reached XP level 6. HP: 64/64 MP: 6/6
   165 | D        | Reached **** piety under Trog
   166 | D        | Reached skill level 10 in Fighting
   166 | D        | Killed a wyvern
   167 | D        | Reached skill level 11 in Fighting
   167 | D        | Reached skill level 10 in Maces & Flails
   168 | D        | Killed an orc warrior
   169 | D        | Your scales start taking on a fiery red colour.
   169 | D        | Reached XP level 7. HP: 74/74 MP: 7/7
   169 | D        | Gained mutation: Your flesh is heat resistant. (rF+) [Red
                  | Draconian growth]
   170 | D        | Killed a wyvern
   171 | D        | Reached skill level 12 in Fighting
   210 | D        | Noticed a white ugly thing
   210 | D        | Noticed a manticore
   210 | D        | Noticed a boulder beetle
   210 | D        | Noticed a tengu warrior
   224 | D        | Killed a tengu warrior
   225 | D        | Reached skill level 14 in Fighting
   225 | D        | Reached XP level 8. HP: 23/90 MP: 8/8
   228 | D        | Reached ***** piety under Trog
   229 | D        | Reached skill level 15 in Fighting
   229 | D        | Reached skill level 1 in Evocations
   402 | D        | Killed a manticore
   412 | D        | Killed a white ugly thing
   413 | D        | Reached XP level 9. HP: 80/100 MP: 9/9
   442 | D        | Killed a boulder beetle
   443 | D        | Reached skill level 16 in Fighting
   574 | D        | Noticed a cane toad
   574 | D        | Noticed a cane toad
   574 | D        | Noticed a cane toad
   574 | D        | Noticed a boulder beetle
   574 | D        | Noticed a cane toad
   580 | D        | Killed a cane toad
   580 | D        | Received a gift from Trog
   581 | D        | Reached skill level 1 in Stealth
   584 | D        | Killed a boulder beetle
   587 | D        | Killed a cane toad
   588 | D        | Reached XP level 10. HP: 108/110 MP: 10/10
   589 | D        | Killed a cane toad
   598 | D        | Killed a cane toad
   599 | D        | Reached skill level 17 in Fighting
   602 | D        | Reached skill level 5 in Stealth
   628 | D        | Noticed a cane toad
   641 | D        | Received a gift from Trog
   664 | D        | Killed a cane toad
   667 | D        | Reached skill level 10 in Dodging
   673 | D        | Reached skill level 15 in Maces & Flails
   687 | D        | Noticed a death yak
   687 | D        | Noticed a death yak
   687 | D        | Noticed a death yak
   687 | D        | Noticed a death yak
   687 | D        | Noticed a death yak
   689 | D        | Noticed a death yak
   698 | D        | Killed a death yak
   699 | D        | Reached skill level 18 in Fighting
   707 | D        | Killed a death yak
   707 | D        | Reached ****** piety under Trog
   707 | D        | Received a gift from Trog
   714 | D        | Killed a death yak
   715 | D        | Reached XP level 11. HP: 109/119 MP: 11/11
   764 | D        | Killed a death yak
   773 | D        | Killed a death yak
   787 | D        | Killed a death yak
   877 | D        | Noticed Sonja
   879 | D        | Noticed Grum
   890 | D        | Killed Grum
   896 | D        | Received a gift from Trog
   920 | D        | Killed Sonja
   921 | D        | Reached skill level 19 in Fighting
  1031 | D        | Noticed an orc knight
  1041 | D        | Received a gift from Trog
  1049 | D        | Killed an orc knight
  1050 | D        | Reached skill level 10 in Stealth
  1065 | D        | Received a gift from Trog
  1104 | D        | Upgraded the game from 0.30-a0-860-g512cf1e979 to
                  | 0.30-a0-862-g1aabd4f9c5
  1266 | D        | Noticed a stone giant
  1274 | D        | Noticed an orc knight
  1285 | D        | Killed a stone giant
  1286 | D        | Reached skill level 1 in Throwing
  1301 | D        | Killed an orc knight
  1303 | D        | Received a gift from Trog
  1303 | D        | Noticed an orc knight
  1307 | D        | Killed an orc knight
  1464 | D        | Found Ajeam's Jewellery Boutique.
  1464 | D        | Noticed a deep troll
  1464 | D        | Noticed a deep troll
  1464 | D        | Noticed a deep troll
  1464 | D        | Noticed a deep troll
  1469 | D        | Killed a deep troll
  1471 | D        | Noticed an iron troll
  1475 | D        | Killed a deep troll
  1476 | D        | Reached XP level 12. HP: 91/132 MP: 12/12
  1489 | D        | Found Ficw's Book Shop.
  1537 | D        | Reached skill level 20 in Fighting
  1545 | D        | Reached skill level 5 in Throwing
  1593 | D        | Found Rylecvur's Antique Weapon Boutique.
  1596 | D        | Found Tuemanyt's General Store.
  1596 | D        | Noticed an ettin
  1606 | D        | Received a gift from Trog
  1609 | D        | Killed an ettin
  1614 | D        | Noticed an ettin
  1624 | D        | Killed an ettin
  1705 | D        | Bought a ring of resist corrosion for 260 gold pieces
  1705 | D        | Bought an amulet of regeneration for 390 gold pieces
  1746 | D        | Noticed Psyche
  1752 | D        | Noticed Gastronok
  1753 | D        | Killed Psyche
  1767 | D        | Killed Gastronok
  1879 | D        | Noticed a centaur warrior
  1879 | D        | Noticed an eight-headed hydra
  1887 | D        | Received a gift from Trog
  1900 | D        | Killed an eight-headed hydra
  1900 | D        | Received a gift from Trog
  1903 | D        | Killed a centaur warrior
  1903 | D        | Noticed a catoblepas
  1954 | D        | Noticed a tengu reaver
  1956 | D        | Killed a catoblepas
  1958 | D        | Noticed a frost giant
  1958 | D        | Noticed a vampire mage
  1959 | D        | Noticed a frost giant
  1961 | D        | Noticed a brown very ugly thing
  1971 | D        | Noticed a deep troll shaman
  1973 | D        | Killed from afar by a tengu reaver

Illustrated notes

Levels and vault maps discovered:
D:        linesprint [early_d, line_temple, items_1, d_10, items_2, lair_1,
          lair_end, items_3, orc_1, orc_end, items_4, d_15, swamp_1, shoals_1,
          snake_1, spider_1, d_20, vaults_1, items_5, swamp_end, shoals_end,
          snake_end, spider_end, vaults_end, d_27, items_6, zot_1, zot_end,
          crypt_end, forest_end, elf_end, slime_end, tomb_end, abyss_end,
          pan_hell_end]

Skill      XL: |  1  2  3  4  5  6  7  8  9 10 11 12 |
---------------+-------------------------------------+-----
Dodging        | 4 5 6 8 10 12 14 | 14.0
Fighting       | 5 7 9 11 14 15 16 18 19 20 | 20.9
Maces & Flails | 4 6 7 9 10 12 13 15 17 18 | 18.2
Evocations     | 4 6 |  6.0
Stealth        | 3 8 11 12 | 12.9
Throwing       | 3 7 |  7.5

Action                     |  1- 3 |  4- 6 |  7- 9 | 10-12 || total
---------------------------+-------+-------+-------+-------++-------
  Melee: Mace              |    21 |    11 |       |       ||    32
         Tailslap          |     2 |     2 |     8 |    72 ||    84
         Morningstar       |       |    11 |    57 |   329 ||   397
         Punch             |       |       |     1 |     2 ||     3
 Invoke: Trog's Hand       |     1 |     1 |     3 |    12 ||    17
         Berserk           |     1 |     1 |     3 |     3 ||     8
         Brothers in Arms  |       |       |       |     3 ||     3
Ability: Breathe Fire      |       |       |       |     2 ||     2
  Evoke: Wand              |       |       |     1 |     9 ||    10
    Use: Potion            |       |       |       |     6 ||     6
         Scroll            |       |       |       |     3 ||     3
   Stab: Invisible         |       |       |       |     2 ||     2
         Distracted        |       |       |       |     1 ||     1
         Sleeping          |       |       |       |     1 ||     1
 Armour: Skin              |     8 |     7 |    30 |    88 ||   133
  Dodge: Dodged            |    10 |    14 |    27 |   206 ||   257

Table legend: (Time is in decaauts)
 A = Elapsed time spent in this place.
 B = Non-inter-level travel time spent in this place.
 C = Inter-level travel time spent in this place.
 D = Time resting spent in this place.
 E = Time spent auto-exploring this place.
 F = Levels seen in this place.
 G = Mean time per level.
                   A        B        C        D        E       F      G
               +--------+--------+--------+--------+--------+-----+--------+
         Total |   1955 |   1955 |      0 |    555 |     30 |   1 | 1955.0 |
       Dungeon |   1955 |   1955 |      0 |    555 |     30 |   1 | 1955.0 |
               +--------+--------+--------+--------+--------+-----+--------+

Top non-repeatable levels by time:
       D: 1955 daAuts
